 Dungeon Crawl Stone Soup version 0.30.0-15-g856e2d3f33 (webtiles) character file.

Game seed: 10695781466702000476

17 javelincjr the Ducker (level 2, -2/21 HPs)
             Began as a Djinni Earth Elementalist on May 18, 2023.
             Slain by a goblin
             ... wielding a +0 mace of protection
              (3 damage)
             ... on level 1 of the Dungeon.
             The game lasted 00:02:47 (325 turns).

javelincjr the Ducker (Djinni Earth Elementalist)    Turns: 325, Time: 00:02:48

Health: -2/21      AC:  2    Str:  7    XL:     2   Next: 80%
Gold:   5          EV: 12    Int: 16    God:
                   SH:  0    Dex: 13

rFire   + + .        (no weapon)
rCold   x . .        (no shield)
rNeg    . . .        a - +0 robe
rPois   ∞            (no helmet)
rElec   .            (no cloak)
rCorr   .            (no gloves)
SInv    .            (boots unavailable)
Will    .....        (no amulet)
Stlth   ++           (no ring)
HPRegen 0.23/turn    (no ring)
MPRegen 0.00/turn

%: infuse magic (-3 HP)
@: flying
A: sickness immunity, fire resistance 2, cold vulnerability 1, float, innate
caster, HP casting, extra vitality 1
a: no special abilities


You were on level 1 of the Dungeon.
You visited 1 branch of the dungeon, and saw 1 of its levels.

You collected 5 gold pieces.

Inventory:

Armour
 a - a +0 robe (worn)
Potions
 b - a potion of curing {unknown}


   Skills:
 + Level 2.7 Dodging
 + Level 2.0 Stealth
 + Level 2.6 Spellcasting


You knew the following spells:

 Your Spells              Type           Power      Damage    Failure   Level
a - Sandblast             Erth           20%        2d7       7%          1
b - Passwall              Tmut/Erth      8%         N/A       10%         2
c - Stone Arrow           Conj/Erth      20%        3d8       21%         3
d - Petrify               Tmut/Erth      10%        N/A       54%         4
Your spell library was empty.

Dungeon Overview and Level Annotations

Branches:
Dungeon (1/15)

Altars:

Shops:
D:1 =(


Innate Abilities, Weirdness & Mutations

You are immune to sickness and miasma.
You are immune to poison.
Your flesh is very heat resistant. (rF++)
You are vulnerable to cold. (rC-)
You float through the air rather than walking.
You learn spells naturally, not from books.
Your magical power is your life essence.
You have superior vitality. (+4 MHP)


Message History

The blast of sand hits the goblin.
The goblin is moderately wounded.
The goblin hits you with a +0 mace of protection.
Casting: Sandblast (safe; 7% risk of failure)
Confirm with . or Enter, or press ? or * to list all spells.
Aiming: Sandblast (safe; 7% risk of failure)
Press: ? - help, Shift-Dir - straight line, f/p - goblin
Aim: a goblin, wielding a +0 mace of protection (moderately wounded, 77% to hit)
The blast of sand hits the goblin but does no damage.
The goblin is moderately wounded.
The goblin barely misses you.
The goblin hits you with a +0 mace of protection.
Casting: Sandblast (safe; 7% risk of failure)
Confirm with . or Enter, or press ? or * to list all spells.
Aiming: Sandblast (safe; 7% risk of failure)
Press: ? - help, Shift-Dir - straight line, f/p - goblin
Aim: a goblin, wielding a +0 mace of protection (moderately wounded, 77% to hit)
The blast of sand hits the goblin but does no damage.
The goblin is moderately wounded.
The goblin hits you with a +0 mace of protection.
* * * LOW HITPOINT WARNING * * *
You hit the goblin.
The goblin is heavily wounded.
The goblin closely misses you.
You hit the goblin but do no damage. You punch the goblin, but do no damage.
The goblin is heavily wounded.
The goblin hits you but does no damage.
You hit the goblin but do no damage.
The goblin is heavily wounded.
The goblin barely misses you.
You hit the goblin but do no damage.
The goblin is heavily wounded.
The goblin misses you.
You barely miss the goblin.
The goblin is heavily wounded.
The goblin hits you with a +0 mace of protection.
* * * LOW HITPOINT WARNING * * *
The goblin attacks as you move away!
The goblin hits you with a +0 mace of protection.
You die...

#.##.
#####..#####.#
#.... #.###..#
.###.##.###..#
...........#
##......##.#
#####...###.##...
........#
#..#####
#..g###..#
##..@....#######
#.##...#.......
#. ####.###### #.
#.# .. #.# ## #.#
#.# #.# #.#


You could see a goblin.

Vanquished Creatures
  2 dart slugs (D:1)
  An endoplasm (D:1)
  2 goblins (D:1)
  2 jackals (D:1)
  A quokka (D:1)
  2 ball pythons (D:1)
  A bat (D:1)
  A kobold (D:1)
  A rat (D:1)
13 creatures vanquished.

Notes
Turn   | Place    | Note
-------+----------+-------------------------------------------
     0 | D:1      | javelincjr the Djinni Earth Elementalist began the quest
                  | for the Orb.
     0 | D:1      | javelincjr set off with the following spells memorised:
                  | Sandblast, Passwall, Stone Arrow, Petrify.
     0 | D:1      | Reached XP level 1. HP: 15/15 MP: 0/0
    87 | D:1      | Found Leungos's Antique Weapon Boutique.
    90 | D:1      | Reached XP level 2. HP: 20/21 MP: 0/0
   284 | D:1      | Found Qousu's Jewellery Shop.
   323 | D:1      | HP: 1/21 [goblin/+0 mace of protection (5)]
   325 | D:1      | Slain by a goblin

Illustrated notes

Levels and vault maps discovered:
D:1:      dpeg_arrival_stone_temple_mockup, layout_loops_ring, serial_shops,
          nicolae_shop_statue_plus, nicolae_shop_tiny_glass,
          nicolae_shop_statue_plus, shop, minivault_14, minmay_box_of_dots

Skill      XL: |  1  2 |
---------------+-------+-----
Stealth        | 2 |  2.0
Dodging        | |  2.7
Spellcasting   | |  2.6

Action                     || total
---------------------------++-------
  Melee: Unarmed           ||    17
         Punch             ||     1
   Cast: Sandblast         ||    25
 Armour: Robe              ||     5
  Dodge: Dodged            ||    17
